 Dungeon Crawl Stone Soup version 0.27-a0-223-ge082b6e869 (webtiles) character file.

Game seed: 16009001814756939274

277 lunkers the Sneak (level 6, -1/38 HPs)
             Began as a Kobold Brigand on Feb 1, 2021.
             Was a Follower of Trog.
             Slain by an ogre
             ... wielding a +0 giant spiked club
              (24 damage)
             ... on level 4 of the Dungeon.
             The game lasted 00:04:56 (4564 turns).

lunkers the Sneak (Kobold Brigand)                  Turns: 4564, Time: 00:04:57

Health: -1/38      AC:  3    Str:  9    XL:     6   Next: 51%
Magic:  6/6        EV: 14    Int: 12    God:    Trog [*.....]
Gold:   143        SH:  0    Dex: 18    Spells: 5/5 levels left

rFire    . . .     SeeInvis .   a - +2 dagger
rCold    . . .     Faith    .   (shield restricted)
rNeg     + . .     Spirit   .   b - +0 robe
rPois    .         Reflect  .   (no helmet)
rElec    .         Harm     .   c - +0 cloak
rCorr    .         Rampage  .   (no gloves)
Will     .....                  (no boots)
Stlth    +++++.....             (no amulet)
HPRegen  0.12/turn              (no ring)
MPRegen  0.10/turn              k - ring of positive energy

@: no status effects
A: small, nightstalker 3
a: Renounce Religion, Berserk


You were on level 4 of the Dungeon.
You worshipped Trog.
Trog was aware of your devotion.
You visited 1 branch of the dungeon, and saw 4 of its levels.

You collected 143 gold pieces.

Inventory:

Hand Weapons
 a - a +2 dagger (weapon)
Missiles
 d - 8 poisoned darts (quivered) {=f}
 e - 2 curare-tipped darts {=f}
 o - 2 throwing nets {=f}
Armour
 b - a +0 robe (worn)
 c - a +0 cloak (worn)
Jewellery
 k - a ring of positive energy (right hand)
Scrolls
 g - 2 scrolls of noise {unknown}
 i - 5 scrolls of remove curse
 j - a scroll of enchant weapon {unknown}
 m - a scroll of identify {unknown}
 n - a scroll of amnesia {unknown}
 p - a scroll of enchant armour {unknown}
Potions
 h - 2 potions of haste {unknown}
 l - 2 potions of invisibility {unknown}


   Skills:
 + Level 3.9 Fighting
 * Level 6.2 Short Blades
 - Level 2.1 Throwing
 - Level 1.2 Dodging
 + Level 6.8 Stealth


You had 5 spell levels left.
You didn't know any spells.
Your spell library was empty.

Dungeon Overview and Level Annotations

Branches:
Dungeon (4/15)
 Temple: D:4-7

Altars:
Elyvilon
Nemelex Xobeh
Trog


Innate Abilities, Weirdness & Mutations

You are small and have problems with some larger weapons.
You are completely attuned to the shadows.


Message History

The leopard gecko looks even sicker.
The leopard gecko is moderately wounded.
The ogre shouts!
You hit the leopard gecko.
You kill the leopard gecko!
Trog accepts your kill.
You throw a poisoned dart {=f}. The poisoned dart {=f} hits the ogre.
The ogre is poisoned.
You hit the ogre.
The ogre is lightly wounded.
You hit the ogre.
The ogre is moderately wounded.
The ogre hits you with a +0 giant spiked club!
You hit the ogre.
The ogre is moderately wounded.
You barely miss the ogre.
The ogre is moderately wounded.
The ogre hits you with a +0 giant spiked club!!
Ouch! That really hurt!
You die...

#.# #<#
####.#
#....#
###..#
#†.# #..#
.##(.#
..(O@#
..(†..#
..(.....
.(....#.#
.##...#.#


You could see an ogre (poisoned).

Vanquished Creatures
  A centaur zombie (D:4)
  An orc priest (D:3)
  An orc wizard (D:3)
  5 adders
  A gnoll (D:1)
  3 oozes
  6 worms
  2 dart slugs
  5 leopard geckos
  6 orcs (D:3)
  7 bats
  3 giant cockroaches
  12 goblins
  7 hobgoblins
  9 jackals
  6 kobolds
  2 quokkas
  5 ball pythons
  7 frilled lizards
  9 rats
98 creatures vanquished.

Notes
Turn   | Place    | Note
-------+----------+-------------------------------------------
     0 | D:1      | lunkers the Kobold Brigand began the quest for the Orb.
     0 | D:1      | Reached XP level 1. HP: 12/12 MP: 1/1
   150 | D:1      | Reached XP level 2. HP: 9/18 MP: 2/2
   641 | D:1      | Reached XP level 3. HP: 22/22 MP: 3/3
  1086 | D:1      | Reached XP level 4. HP: 21/27 MP: 4/4
  2323 | D:2      | Reached XP level 5. HP: 32/32 MP: 5/5
  2557 | D:2      | Reached skill level 5 in Short Blades
  2613 | D:2      | Found a bloodstained altar of Trog.
  2908 | D:2      | Became a worshipper of Trog the Wrathful
  3867 | D:3      | Found a white marble altar of Elyvilon.
  3867 | D:3      | Found a sparkling altar of Nemelex Xobeh.
  4104 | D:3      | Reached XP level 6. HP: 33/38 MP: 6/6
  4121 | D:3      | Reached * piety under Trog
  4557 | D:4      | Noticed an ogre
  4564 | D:4      | Slain by an ogre

Illustrated notes

Levels and vault maps discovered:
D:1:      wander_arrival_lonely_grave, layout_loops_ring
D:2:      layout_basic, lightli_temple_of_fire, st_stairs_8
D:3:      layout_basic, gammafunk_temple_overflow_statue, grunt_ministairs_8
D:4:      layout_loops_ring, grunt_temple_overflow_champion_of_chaos,
          minmay_temple_entry_stoned_glass

Skill      XL: |  1  2  3  4  5  6 |
---------------+-------------------+-----
Short Blades   | 3 4 5 6 |  6.2
Fighting       | 3 |  3.9
Stealth        | 6 |  6.8
Throwing       | |  2.1
Dodging        | |  1.2

Action                   |  1- 3 |  4- 6 || total
-------------------------+-------+-------++-------
Melee: Dagger            |    63 |   242 ||   305
Throw: Dart              |       |   139 ||   139
  Use: Potion            |       |     5 ||     5
       Scroll            |       |     1 ||     1
 Stab: Sleeping          |     9 |     6 ||    15
       Distracted        |       |     1 ||     1
Armor: Robe              |     6 |    21 ||    27
Dodge: Dodged            |    36 |   115 ||   151

Table legend: (Time is in decaauts)
 A = Elapsed time spent in this place.
 B = Non-inter-level travel time spent in this place.
 C = Inter-level travel time spent in this place.
 D = Time resting spent in this place.
 E = Time spent auto-exploring this place.
 F = Levels seen in this place.
 G = Mean time per level.
                   A        B        C        D        E       F      G
               +--------+--------+--------+--------+--------+-----+--------+
         Total |   4476 |   4259 |    217 |    377 |   3189 |   4 | 1119.0 |
       Dungeon |   4476 |   4259 |    217 |    377 |   3189 |   4 | 1119.0 |
               +--------+--------+--------+--------+--------+-----+--------+

Top non-repeatable levels by time:
     D:2: 1826 daAuts
     D:1: 1353 daAuts
     D:3: 1255 daAuts
     D:4: 42 daAuts
